 Dungeon Crawl Stone Soup version 0.20-a0-350-ga83eecc (webtiles) character file.

58 snakesoul the Shield-Bearer (level 3, 0/33 HPs)
             Began as a Minotaur Fighter on Dec 23, 2016.
             Slain by a goblin (5 damage)
             ... led by Robin
             ... on level 2 of the Dungeon.
             The game lasted 00:02:36 (1220 turns).

snakesoul the Shield-Bearer (Minotaur Fighter)      Turns: 1220, Time: 00:02:37

Health: 0/33       AC:  9    Str: 20    XL:     3   Next: 76%
Magic:  2/2        EV:  5    Int:  5    God:
Gold:   28         SH:  9    Dex: 10    Spells: 2/2 levels left

rFire  . . .     SeeInvis .     a - +0 long sword
rCold  . . .     Gourm    .     m - +0 chain mail
rNeg   . . .     Faith    .     c - +0 shield
rPois  .         Spirit   .     (helmet restricted)
rElec  .         Reflect  .     (no cloak)
rCorr  .         Harm     .     (no gloves)
MR     .....                    (no boots)
Stlth  ..........               (no amulet)
                                (no ring)
                                (no ring)

@: no status effects
A: retaliatory headbutt, horns 2
a: no special abilities


You were on level 2 of the Dungeon.
You were not hungry.

You visited 1 branch of the dungeon, and saw 2 of its levels.

You collected 28 gold pieces.

Inventory:

Hand Weapons
 a - a +0 long sword (weapon)
Armour
 b - a +0 scale mail
 c - a +0 shield (worn)
 m - a +0 chain mail (worn)
Jewellery
 k - a +2 ring of intelligence {unknown}
Scrolls
 e - a scroll of fog {unknown}
 i - a scroll of blinking {unknown}
 j - a scroll of remove curse {unknown}
 p - a scroll of magic mapping {unknown}
Potions
 d - a potion of might
 h - a potion of ambrosia {unknown}
 n - a potion of experience {unknown}
Comestibles
 f - 2 bread rations
 g - 5 fruits
 l - a beef jerky
 o - a chunk of flesh


   Skills:
 + Level 4.2 Fighting
 + Level 3.2 Long Blades
 + Level 4.1 Armour
 + Level 4.4 Shields


You had 2 spell levels left.
You didn't know any spells.

Dungeon Overview and Level Annotations

Branches:
Dungeon (2/15)

Altars:
Gozag
Nemelex Xobeh

Annotations:
D:2 Robin


Innate Abilities, Weirdness & Mutations

You reflexively headbutt those who attack you in melee.
You have a pair of horns on your head.


Message History

You headbutt the goblin!
You kill the goblin!
The goblin throws a stone.
You block the stone.
You slash the hobgoblin!
You kill the hobgoblin!
You block Robin's attack. x2
Your chain mail prevents you from hitting the goblin.
The goblin hits you but does no damage. Robin throws the goblin at you!
The goblin hits you but does no damage.
You hit the goblin.
You kill the goblin!
The goblin hits you but does no damage.
Robin says, "A pitiful Minotaur like you will never find the ORB!"
Robin hits you but does no damage. You block the goblin's attack.
Robin hits you but does no damage.
Items here: ( )))) †† You barely miss Robin.
Robin hits you with a vampiric trident.
* * * LOW HITPOINT WARNING * * *
The goblin hits you.
You die...

.##.#......#.#.# #...###
...........#.#.## .......
................ .......
.##.#...?..#.#.# #....... #
#......#.#.#.. .....## #
#.#....g........ # #.#..#
#.##.#..g.g.#)#.#.# #.##.#..##
##........g.g#g#.#.#.# ..>.....
......#.....##@#.#.#.#.##.#..##
...............g...............
..........................#....
###...#........................
...............................
###...#.#....###.#.#.#....#..##
..............................
......###..#####.#.#.#.........
...... #........#.#.#....#....


You could see Robin and a goblin.

Vanquished Creatures
  An adder (D:2)
  An ooze (D:1)
  A leopard gecko (D:1)
  A giant cockroach (D:1)
  12 goblins
  7 hobgoblins
  3 jackals (D:1)
  A bat (D:2)
  6 frilled lizards (D:1)
  3 kobolds
  6 rats
42 creatures vanquished.

Notes
Turn   | Place    | Note
-------+----------+-------------------------------------------
     0 | D:1      | snakesoul the Minotaur Fighter began the quest for the Orb.
     0 | D:1      | Reached XP level 1. HP: 19/19 MP: 0/0
     3 | D:1      | Noticed an electric eel
     3 | D:1      | Noticed an electric eel
    55 | D:1      | Reached XP level 2. HP: 23/27 MP: 1/1
   577 | D:1      | Reached XP level 3. HP: 33/33 MP: 2/2
  1138 | D:2      | Found a sparkling altar of Nemelex Xobeh.
  1138 | D:2      | Found an opulent altar of Gozag.
  1184 | D:2      | Noticed Robin
  1220 | D:2      | Slain by a goblin

Vault maps used:
D:1:      arrival_aquarium_b
D:2:      grunt_temple_overflow_opulence, uniq_robin

Skill      XL: |  1  2  3 |
---------------+----------+-----
Shields        | 4 |  4.4
Long Blades    | 3 |  3.2
Fighting       | 4 |  4.2
Armour         | 4 |  4.1

Action                   || total
-------------------------++-------
Melee: Long sword        ||    96
       Headbutt          ||    13
  Eat: Chunk             ||     1
Armor: Scale mail        ||    30
       Chain mail        ||    23
Dodge: Dodged            ||    24
Block: Shield            ||    62
       Rpst.: Long sword ||     7
